 Dungeon Crawl Stone Soup version 0.32-a0-898-g7811c86cf0 (webtiles) character file.

Game seed: 2383046906801492867

81949 Doorstop00 the Severer (level 15, -3/141 HPs)
             Began as a Minotaur Berserker on Apr 4, 2024.
             Was the Champion of Trog.
             Killed by divine providence
             ... invoked by a meliai
              (11 damage)
             ... on level 13 of the Dungeon.
             The game lasted 01:44:00 (21506 turns).

Doorstop00 the Severer (Minotaur Berserker)        Turns: 21506, Time: 01:44:03

Health: -3/141     AC: 44    Str: 29    XL:     15   Next: 28%
Magic:  14/14      EV: 10    Int:  6    God:    Trog [******]
Gold:   2633       SH:  0    Dex: 11    Spells: 14/14 levels left

rFire   + . .        I - +3 battleaxe (flame)
rCold   . . .        (shield currently unavailable)
rNeg    . . .        F - +15 Maxwell's patent armour {-Cast -Tele rElec Will+ rCorr}
rPois   .            o - +2 hat {Will+}
rElec   +            H - +0 cloak {rCorr}
rCorr   +            f - +1 pair of gloves
SInv    .            w - +2 pair of boots
Will    +++..        E - amulet "Ruew" {Faith Str+3} Stlth
                     G - ring of protection from fire
HPRegen 0.43/turn    d - +4 ring of protection
MPRegen 0.14/turn

%: no teleportation, no spellcasting, faith
@: hasted, very quick
A: horns 2, retaliatory headbutt
a: Renounce Religion, Berserk, Trog's Hand, Brothers in Arms


You were on level 13 of the Dungeon.
You worshipped Trog.
Trog was exalted by your worship.
You visited 3 branches of the dungeon, and saw 20 of its levels.

You collected 2934 gold pieces.
You spent 301 gold pieces at shops.

Inventory:

Hand Weapons
 t - a +2 broad axe of freezing
 y - a +4 antimagic broad axe
 I - a +3 battleaxe of flaming (weapon)
Armour
 f - a +1 pair of gloves (worn)
 o - a +2 hat of willpower (worn)
 p - a +0 cloak of poison resistance
 w - a +2 pair of boots (worn)
 F - the +15 Maxwell's patent armour (worn) {-Cast -Tele rElec Will+ rCorr}
   (You found it on level 2 of the Lair of Beasts)

   rElec:     It insulates you from electricity.
   Will+:     It increases your willpower.
   -Cast:     It prevents spellcasting.
   -Tele:     It prevents most forms of teleportation.
   rCorr:     It protects you from acid and corrosion.
 H - a +0 cloak of preservation (worn)
 K - a +0 tower shield
Jewellery
 d - a +4 ring of protection (right hand)
 E - the amulet "Ruew" (around neck) {Faith Str+3}
   (You found it on level 6 of the Dungeon)

   [amulet of faith]

   Faith:     It allows you to gain divine favour quickly.
   Str+3:     It affects your strength (+3).
 G - a ring of protection from fire (left hand)
Wands
 a - a wand of quicksilver (16)
 i - a wand of charming (15)
 v - a wand of polymorph (19)
 B - a wand of mindburst (3)
 C - a wand of flame (17)
 O - a wand of digging (8)
Scrolls
 j - a scroll of brand weapon
 m - 6 scrolls of teleportation
 n - 4 scrolls of enchant weapon
 q - 13 scrolls of identify
 r - 3 scrolls of revelation
 s - 2 scrolls of fog
 u - 4 scrolls of immolation
 z - a scroll of summoning
 A - a scroll of blinking
 J - a scroll of poison
 L - 2 scrolls of enchant armour
 M - a scroll of fear {unknown}
Potions
 b - 6 potions of curing
 c - 3 potions of lignification
 e - 2 potions of might
 g - 4 potions of haste
 h - 3 potions of heal wounds
 k - 3 potions of brilliance
 l - 2 potions of invisibility
 x - a potion of resistance
 D - a potion of mutation
 N - 2 potions of ambrosia


   Skills:
 * Level 15.1 Fighting
 - Level 19.0 Axes
 * Level 12.9 Armour
 * Level 10.7 Dodging
 + Level 1.9 Stealth
 * Level 15.4 Shields
 * Level 7.0 Evocations


You had 14 spell levels left.
You didn't know any spells.
Your spell library was empty.

Dungeon Overview and Level Annotations

Branches:
Dungeon (13/15)            Temple (0/1) D:4            Lair (5/5) D:11
  Swamp (0/4) Lair:3       Spider (0/4) Lair:2        Slime (0/5) Lair:4
    Orc (2/2) D:9             Elf (0/3) Orc:2
 Vaults: D:13-14

Altars:
Cheibriados
Dithmenos
Elyvilon
Gozag
Nemelex Xobeh
Okawaru
Ru
Trog
Beogh
Jiyva

Shops:
D:1 :   D:3 [   D:9 (   Orc:2 :((*


Innate Abilities, Weirdness & Mutations

You have a pair of horns on your head.
You reflexively headbutt those who attack you in melee.


Message History

The meliai barely misses you. The meliai closely misses you.
You feel yourself speed up.
You feel sick. The meliai hits you but does no damage. The meliai stings you!
* * * LOW HITPOINT WARNING * * *
The meliai hits you but does no damage. The meliai stings you.
* * * LOW HITPOINT WARNING * * *
The meliai completely misses you. The meliai closely misses you.
The meliai calls upon its god to heal the queen bee.
The queen bee's wounds heal themselves!
The meliai attacks as it pursues you! The meliai hits you with a +0 war axe.
* * * LOW HITPOINT WARNING * * *
The meliai stings you.
* * * LOW HITPOINT WARNING * * *
You feel sick.
You are no longer poisoned.
The meliai mumbles some strange prayers to its god against you.
Something smites you!
* * * LOW HITPOINT WARNING * * *
Your deep troll goes berserk!
The meliai hits you but does no damage.
The meliai barely misses your deep troll.
The meliai stings you but does no damage.
The queen bee calls on the killer bee to defend it!
The killer bee goes berserk!
The meliai hits you but does no damage. The meliai misses your deep troll.
The meliai stings you but does no damage.
The meliai attacks as it pursues you! The meliai closely misses you.
The meliai hits your deep troll with a +0 war axe!
The meliai closely misses you. The meliai attacks as it pursues you!
The meliai hits you but does no damage.
The meliai stings you but does no damage.
The meliai calls upon its god to heal the meliai.
The meliai is healed somewhat.
The killer bee closely misses your deep troll.
Your deep troll bites the meliai!!
The meliai dies!
Trog accepts your kill.
The meliai mumbles some strange prayers to its god against you.
Something smites you!
You die...

.......####..........#
.......# #........###
####'### ####.#####
###..# #.## ....##
#..## )#### ##.)# .####
####.#### ..#.#
#.......# ###.#
#..)@..)# . ....#
#.......# !.
#.#.#########...y)T.#
...
..#.##......+...y.y.#
!†..
###....######.......###


yy!.. #...#### #.......yy#.yy... #.### #.......#y†y..... ....# ###########yy....
##### ###### You could see 2 meliai, 3 killer bees and a friendly deep troll
(summoned, berserk).

Vanquished Creatures
  Gastronok (Lair:3)
  Kirke (Lair:3)
  Nessos (Lair:4)
  Snorg (Lair:5)
  5 hydras
  3 catoblepae (Lair:5)
  An ogre mage (Orc:2)
  2 centaur warriors (D:13)
  A boulder beetle (D:13)
  2 two-headed ogres (D:13)
  Urug (Orc:1)
  An orc high priest (Orc:2)
  12 death yaks
  Sonja (D:11)
  3 skysharks
  A skeletal warrior (D:12)
  A pharaoh ant (Lair:2)
  3 orc knights (Orc:2)
  3 deep elf pyromancers
  Pikel (D:7)
  2 orc sorcerers (Orc:2)
  3 cyclopes
  4 manticores
  6 elephants (Lair:3)
  7 kobold blastminers
  3 black mambas
  Joseph (D:8)
  An unseen horror (shapeshifter) (D:13)
  7 cane toads
  3 rime drakes
  3 gargoyles
  A kobold demonologist (D:11)
  An unseen horror (D:12)
  12 komodo dragons
  6 trolls
  A polar bear (Lair:2)
  2 tyrant leeches (D:12)
  22 blink frogs
  6 dream sheep (Lair:2)
  Prince Ribbit (D:7)
  A centaur simulacrum (D:12)
  A slime creature (D:12)
  2 shadows (D:11)
  2 vampires (D:12)
  A wraith (D:12)
  77 yaks
  7 hogs (Lair:3)
  A human (shapeshifter) (D:13)
  7 wargs
  A redback (Lair:2)
  4 basilisks
  2 steam dragons
  16 vampire mosquitoes
  23 water moccasins
  2 acid dragons
  3 black bears
  31 orc warriors
  5 ice beasts
  9 ogres
  14 wolves
  8 centaurs
  4 lemures (D:7)
  2 phantoms
  A gnoll sergeant (D:8)
  4 kobold brigands
  7 scorpions
  17 bullfrogs
  8 wights (D:9)
  26 killer bees
  3 electric eels (D:12)
  A howler monkey (D:8)
  3 lava snakes (D:9)
  3 bombardier beetles
  7 jellies
  17 orc priests
  A sleepcap (D:7)
  3 gnoll boudas
  8 hounds
  6 iguanas
  21 orc wizards
  A spriggan simulacrum (D:11)
  A troll simulacrum (D:11)
  15 gnolls
  8 adders
  A naga simulacrum (D:11)
  2 shadow imps (D:6)
  2 white imps (D:6)
  2 ufetubi (D:6)
  A dart slug (D:1)
  A ribbon worm (D:10)
  84 orcs
  7 ball pythons
  8 endoplasms
  2 giant cockroaches (D:3)
  3 goblins (D:1)
  9 hobgoblins
  2 jackals (D:3)
  2 quokkas (D:1)
  9 bats
  6 frilled lizards
  25 kobolds
  8 rats
695 creatures vanquished.

Vanquished Creatures (collateral kills)
  A bog body (Lair:3)
  A meliai (D:13)
  A black bear (D:6)
  An ogre (D:6)
4 creatures vanquished.

Vanquished Creatures (others)
  A white imp (D:12)
1 creature vanquished.

Grand Total: 700 creatures vanquished

Notes
Turn   | Place    | Note
-------+----------+-------------------------------------------
     0 | D:1      | Doorstop00 the Minotaur Berserker began the quest for the
                  | Orb.
     0 | D:1      | Reached XP level 1. HP: 19/19 MP: 0/0
    85 | D:1      | Reached XP level 2. HP: 27/27 MP: 1/1
   449 | D:1      | Reached skill level 4 in Axes
   466 | D:1      | You fall into a shaft and drop 1 floor!
   589 | D:2      | Reached ** piety under Trog
   629 | D:2      | Reached XP level 3. HP: 34/34 MP: 2/2
   715 | D:1      | Found Riwnumiu's Book Shoppe.
  1085 | D:2      | Reached skill level 5 in Fighting
  1085 | D:2      | Reached XP level 4. HP: 42/42 MP: 3/3
  1855 | D:3      | Found a faded altar of an unknown god.
  1939 | D:3      | Found Leniyr's Armour Emporium.
  1948 | D:3      | Bought a +0 cloak for 63 gold pieces
  2265 | D:3      | Reached skill level 5 in Axes
  2265 | D:3      | Reached XP level 5. HP: 48/48 MP: 4/4
  2504 | D:4      | Found a staircase to the Ecumenical Temple.
  2779 | D:4      | Found an iron altar of Okawaru.
  2942 | D:4      | Reached skill level 1 in Shields
  2947 | D:4      | Reached XP level 6. HP: 54/56 MP: 5/5
  3158 | D:5      | Entered Level 5 of the Dungeon
  3374 | D:5      | Reached skill level 6 in Axes
  3514 | D:5      | Reached *** piety under Trog
  3876 | D:5      | Found a shadowy altar of Dithmenos.
  3909 | D:5      | Reached XP level 7. HP: 61/61 MP: 6/6
  3928 | D:5      | Reached skill level 7 in Axes
  4239 | D:6      | Reached XP level 8. HP: 70/70 MP: 7/7
  4244 | D:6      | Reached skill level 8 in Axes
  4339 | D:6      | Reached **** piety under Trog
  4370 | D:6      | Reached skill level 5 in Armour
  4576 | D:6      | Reached skill level 9 in Axes
  4758 | D:6      | Reached skill level 5 in Shields
  4812 | D:6      | Reached skill level 5 in Dodging
  5024 | D:6      | Reached XP level 9. HP: 68/79 MP: 8/8
  5043 | D:6      | Reached skill level 1 in Stealth
  5264 | D:6      | Identified the amulet "Ruew" {Faith Str+3}
  5327 | D:6      | Reached skill level 10 in Axes
  5431 | D:6      | Identified a scroll of acquirement
  5431 | D:6      | Acquired 891 gold pieces
  5486 | D:7      | Found an opulent altar of Gozag.
  5879 | D:7      | Found a sparkling altar of Nemelex Xobeh.
  5960 | D:7      | Reached skill level 11 in Axes
  6389 | D:8      | Noticed Pikel
  6524 | D:8      | Noticed Prince Ribbit
  6538 | D:7      | Killed Prince Ribbit
  6562 | D:7      | Killed Pikel
  6563 | D:7      | Reached XP level 10. HP: 81/88 MP: 9/9
  6602 | D:7      | Reached skill level 1 in Evocations
  6741 | D:8      | Reached ***** piety under Trog
  6742 | D:8      | Reached skill level 12 in Axes
  7043 | D:8      | Found a bloodstained altar of Trog.
  7212 | D:8      | Noticed Joseph
  7241 | D:8      | Killed Joseph
  7546 | D:8      | Identified the +7 dagger of Gurejiti {spect, rCorr}
  7649 | D:9      | Found Jotapix's Weapon Emporium.
  7776 | D:9      | Received a gift from Trog
  7801 | D:9      | Reached skill level 13 in Axes
  7980 | D:9      | Found a staircase to the Orcish Mines.
  8182 | D:9      | Reached skill level 14 in Axes
  8757 | D:9      | Noticed a cyclops
  8757 | D:9      | Noticed a deep elf pyromancer
  9025 | D:9      | Killed a cyclops
  9026 | D:9      | Reached XP level 11. HP: 90/95 MP: 10/10
  9034 | D:9      | Killed a deep elf pyromancer
  9709 | D:10     | Entered Level 10 of the Dungeon
  9845 | D:10     | Found a sacrificial altar of Ru.
 10423 | D:10     | Found a snail-covered altar of Cheibriados.
 11270 | D:11     | Reached skill level 15 in Axes
 11362 | D:11     | Received a gift from Trog
 11434 | D:11     | Found a staircase to the Lair.
 11501 | D:11     | Noticed Sonja
 11503 | D:11     | Killed Sonja
 11869 | Lair:1   | Entered Level 1 of the Lair of Beasts
 12079 | Lair:1   | Reached skill level 16 in Axes
 12193 | Lair:1   | Reached skill level 10 in Fighting
 12193 | Lair:1   | Reached XP level 12. HP: 106/106 MP: 3/11
 12293 | Lair:1   | Received a gift from Trog
 12500 | Lair:1   | Reached skill level 10 in Shields
 12686 | Lair:1   | Reached skill level 17 in Axes
 13329 | Lair:2   | Found the +15 Maxwell's patent armour {-Cast -Tele rElec
                  | Will+ rCorr}
 13532 | Lair:2   | Reached skill level 10 in Armour
 13647 | Lair:2   | Reached skill level 18 in Axes
 13816 | Lair:2   | Found a hole to the Spider Nest.
 14211 | Lair:3   | Reached skill level 5 in Evocations
 14322 | Lair:3   | Reached XP level 13. HP: 116/116 MP: 4/12
 14442 | Lair:3   | Reached ****** piety under Trog
 14457 | Lair:3   | Noticed Gastronok
 14462 | Lair:3   | Noticed Kirke
 14471 | Lair:3   | Received a gift from Trog
 14472 | Lair:3   | Killed Gastronok
 14796 | Lair:3   | Killed Kirke
 14829 | Lair:3   | Found a staircase to the Swamp.
 15414 | Lair:4   | Noticed Nessos
 15443 | Lair:4   | Killed Nessos
 15819 | Lair:4   | Identified the +2 quarterstaff of the Forest {heavy, Int+7}
 16197 | Lair:4   | Found a viscous altar of Jiyva.
 16197 | Lair:4   | Found a staircase to the Slime Pits.
 16388 | Lair:5   | Entered Level 5 of the Lair of Beasts
 16409 | Lair:5   | Received a gift from Trog
 16553 | Lair:5   | Reached skill level 19 in Axes
 16553 | Lair:5   | Reached XP level 14. HP: 122/127 MP: 5/13
 16767 | Lair:5   | Noticed Snorg
 16775 | Lair:5   | Killed Snorg
 17442 | Lair:5   | Reached skill level 10 in Dodging
 17929 | Orc:1    | Entered Level 1 of the Orcish Mines
 17929 | Orc:1    | Noticed Urug
 17941 | Orc:1    | Killed Urug
 17994 | Orc:1    | Received a gift from Trog
 18133 | Orc:2    | Entered Level 2 of the Orcish Mines
 18133 | Orc:2    | Found a staircase to the Elven Halls.
 18507 | Orc:1    | Received a gift from Trog
 18905 | Orc:1    | Found a roughly hewn altar of Beogh.
 19091 | Orc:2    | Found a roughly hewn altar of Beogh.
 19573 | Orc:2    | Found Wuloug's Antique Weapon Shoppe.
 19573 | Orc:2    | Found Saiferph's Antique Weapon Boutique.
 19575 | Orc:2    | Found Obouheas's Assorted Antiques.
 19577 | Orc:2    | Found Kierch's Book Emporium.
 19598 | Orc:2    | Bought a glowing broad axe for 238 gold pieces
 20102 | D:12     | Reached XP level 15. HP: 120/139 MP: 8/14
 20117 | D:12     | Received a gift from Trog
 20223 | D:12     | Found the +8 Vampire's Tooth {megavamp}
 20351 | D:12     | Reached skill level 15 in Shields
 20922 | D:13     | Found a white marble altar of Elyvilon.
 21304 | D:13     | Reached skill level 15 in Fighting
 21503 | D:13     | HP: 7/141 [meliai/divine providence (10)]
 21506 | D:13     | Killed from afar by a meliai

Illustrated notes

Levels and vault maps discovered:
D:1:      spicycebolla_arrival_risky_transporter, layout_loops_ring,
          serial_shops, nicolae_shop_stone
D:2:      layout_loops_ring
D:3:      layout_loops_corners, serial_shops, nicolae_shop_tiny_glass,
          ebering_ecumenical_altar_abandoned
D:4:      layout_basic, lemuel_crystal_altar, minmay_temple_entry_large_hall,
          lexackson_kobold_supper
D:5:      layout_rooms, grunt_dithmenos_smoke
D:6:      kennysheep_windowed_halls, layout_basic, minmay_misc_feat_diagonals,
          minmay_fractal_squares_diagonal_5
D:7:      layout_basic, nemelex_spade_bored_becter, grunt_gozag_breadcrumbs,
          minmay_manual_moon
D:8:      layout_loops_cross, bloody_trog, uniq_joseph, uniq_pikel,
          uniq_prince_ribbit1
D:9:      kennysheep_big_flooded_room, layout_basic, david_orc_3, serial_shops,
          shop
D:10:     layout_irregular_city, amcnicky_altar_gilded, chei_slow_surprise
D:11:     layout_irregular_city, grunt_lair_entry_orc_guard_hut,
          portal_ice_cave_entry_ice_simulacra, uniq_sonja
D:12:     nooodl_glass_maze, layout_loops_ring, serial_ice, serial_ice_k,
          serial_ice_m, serial_ice_f, serial_ice_a,
          minmay_guarded_unrand_vampires_tooth
D:13:     layout_roguey [special_room_bee], david_vaults_4, elyvilon_altar_1
Lair:1:   layout_cave_pods, chequers_serial_rivers_small_3, grunt_megastairs_4
Lair:2:   layout_gridlike, nicolae_spider_entry_lesser_pyramids,
          dreamdust_deal_with_the_devil, infiniplex_staircase_pool_2
Lair:3:   layout_cave_shapes, skrybe_swamp_entry_bodies, uniq_kirke,
          uniq_gastronok
Lair:4:   layout_roguey, slime_entry_1, roderic_carrion_pond, uniq_nessos
Lair:5:   evilmike_catoblepas_cave, layout_hall_layers,
          infiniplex_staircase_pool, grunt_megastairs_3, uniq_snorg
Orc:1:    layout_caves, minmay_orc_temple_c, uniq_urug
Orc:2:    st_orc_rangers, layout_caves, david_defended_altar_orc

Skill      XL: |  1  2  3  4  5  6  7  8  9 10 11 12 13 14 15 |
---------------+----------------------------------------------+-----
Fighting       | 4 5 6 7 8 10 11 12 14 15 | 15.1
Axes           | 4 5 6 7 9 11 14 16 18 19 | 19.0
Armour         | 3 4 5 6 7 9 10 11 12 | 12.9
Dodging        | 3 4 5 6 7 8 9 10 | 10.7
Shields        | 1 2 3 5 7 8 9 11 13 14 15 | 15.4
Stealth        | 1 |  1.9
Evocations     | 2 3 5 6 7 |  7.0

Action                     |  1- 3 |  4- 6 |  7- 9 | 10-12 | 13-15 || total
---------------------------+-------+-------+-------+-------+-------++-------
  Melee: Hand axe          |    95 |   161 |   326 |   446 |       ||  1028
         Headbutt          |    12 |    32 |    79 |   134 |   188 ||   445
         Broad axe         |       |       |       |   247 |   652 ||   899
         Unarmed           |       |       |       |       |    14 ||    14
         Battleaxe         |       |       |       |       |   222 ||   222
 Invoke: Brothers in Arms  |       |       |     1 |     1 |     2 ||     4
         Berserk           |       |       |       |     1 |       ||     1
  Evoke: Wand              |       |       |       |     2 |     3 ||     5
    Use: Scroll            |       |     6 |     7 |    15 |     3 ||    31
         Potion            |       |       |       |       |     3 ||     3
 Armour: Animal skin       |    17 |       |       |       |       ||    17
         Leather armour    |    31 |       |       |       |       ||    31
         Ring mail         |    13 |   101 |   181 |       |       ||   295
         Chain mail        |       |       |    35 |    78 |       ||   113
         Plate armour      |       |       |       |   328 |   669 ||   997
         Skin              |       |       |       |       |    12 ||    12
  Dodge: Dodged            |    57 |    70 |   120 |   159 |   255 ||   661
  Block: Buckler           |       |     7 |       |       |       ||     7
         Kite shield       |       |    34 |   130 |   117 |       ||   281
         Tower shield      |       |       |       |   281 |   667 ||   948

Table legend: (Time is in decaauts)
 A = Elapsed time spent in this place.
 B = Non-inter-level travel time spent in this place.
 C = Inter-level travel time spent in this place.
 D = Time resting spent in this place.
 E = Time spent auto-exploring this place.
 F = Levels seen in this place.
 G = Mean time per level.
                   A        B        C        D        E       F      G
               +--------+--------+--------+--------+--------+-----+--------+
         Total |  21243 |  20562 |    681 |   3101 |  10784 |  20 | 1062.2 |
       Dungeon |  13665 |  13239 |    426 |   2036 |   7731 |  13 | 1051.2 |
          Lair |   5908 |   5708 |    200 |    771 |   2874 |   5 | 1181.6 |
  Orcish Mines |   1669 |   1614 |     55 |    294 |    178 |   2 |  834.5 |
               +--------+--------+--------+--------+--------+-----+--------+

Top non-repeatable levels by time:
     D:9: 1919 daAuts
  Lair:1: 1521 daAuts
     D:6: 1455 daAuts
  Lair:5: 1334 daAuts
  Lair:4: 1214 daAuts
     D:7: 1171 daAuts
  Lair:2: 1150 daAuts
    D:11: 1147 daAuts
     D:8: 1141 daAuts
    D:10: 1067 daAuts
    D:12: 1053 daAuts
   Orc:2: 1043 daAuts
     D:3: 969 daAuts
     D:1: 878 daAuts
     D:5: 831 daAuts
